 Dungeon Crawl Stone Soup version 0.29.0-11-gd7f09526c8 (webtiles) character file.

Game seed: 826121111199827030

6 SensoryNuts the Shield-Bearer (level 1, 0/16 HPs)
             Began as an Octopode Fighter on Sept 4, 2022.
             Slain by a jackal (3 damage)
             ... on level 1 of the Dungeon.
             The game lasted 00:00:11 (180 turns).

SensoryNuts the Shield-Bearer (Octopode Fighter)     Turns: 180, Time: 00:00:12

Health: 0/16       AC:  1    Str: 15    XL:     1   Next: 90%
Magic:  1/1        EV: 13    Int: 10    God:
Gold:   0          SH:  4    Dex: 11    Spells: 0/0 levels left

rFire   . . .      SeeInvis .   a - +0 long sword
rCold   . . .      Faith    .   b - +0 buckler
rNeg    . . .      Spirit   .   (helmet restricted)
rPois   .          Reflect  .   (no amulet)
rElec   .          Harm     .   (no ring)
rCorr   .          Rampage  .   (no ring)
Will    .....                   (no ring)
Stlth   ++........              (no ring)
HPRegen 0.05/turn               (no ring)
MPRegen 0.07/turn               (no ring)
                                (no ring)
                                (no ring)

@: no status effects
A: almost no armour, amphibious, 8 rings, camouflage 1, gelatinous body 1,
(nimble swimmer 1), tentacles
a: no special abilities


You were on level 1 of the Dungeon.
You visited 1 branch of the dungeon, and saw 1 of its levels.

Inventory:

Hand Weapons
 a - a +0 long sword (weapon)
Armour
 b - a +0 buckler (worn)
Potions
 c - a potion of might
 d - a potion of ambrosia {unknown}


   Skills:
 + Level 3.0 Fighting
 * Level 2.1 Long Blades
 + Level 3.1 Dodging
 + Level 3.1 Shields


You couldn't memorise any spells.
You didn't know any spells.
Your spell library was empty.

Dungeon Overview and Level Annotations

Branches:
Dungeon (1/15)

Altars:


Innate Abilities, Weirdness & Mutations

You cannot wear most types of armour.
You are amphibious.
You can wear up to eight rings at the same time.
Your skin changes colour to match your surroundings (Stealth+).
Your rubbery body absorbs attacks. (AC +1, EV +1)
((You are camouflaged when in or above water. (Stealth+)))
You have tentacles for arms and can constrict up to eight enemies at once.


Message History

The endoplasm quivers.
The jackal bites you.
You closely miss the jackal. Your grab misses the jackal.
The jackal misses you. The jackal barely misses you. The jackal bites you.
The jackal bites you but does no damage.
The jackal barely misses you. The jackal bites you.
You barely miss the jackal. Your grab misses the jackal.
The jackal barely misses you. The jackal bites you. x2
You block the jackal's attack. The jackal closely misses you.
You hit the jackal. Your grab misses the jackal.
The jackal is severely wounded.
The jackal barely misses you. The jackal bites you. The jackal misses you.
You block the jackal's attack. x2; The jackal bites you.
You hit the jackal but do no damage. You grab the jackal.
The jackal is severely wounded.
You constrict the jackal.
You kill the jackal!
You block the jackal's attack. The jackal barely misses you.
The frilled lizard hisses.
You block the jackal's attack. The jackal bites you.
You slash the frilled lizard!
You kill the frilled lizard!
A bat comes into view.
The jackal closely misses you. The jackal barely misses you.
The jackal bites you. The jackal misses you. The jackal closely misses you.
You see here a jackal corpse.
You hit the jackal. You grab the jackal.
You squeeze the jackal, but do no damage.
The jackal is severely wounded.
You constrict the jackal, but do no damage.
The jackal barely misses you. The jackal bites you. x2
* * * LOW HITPOINT WARNING * * *
The jackal closely misses you.
You release your grip on the jackal.
The jackal misses you. You block the jackal's attack.
The jackal closely misses you. The jackal attacks as you move away!
The jackal bites you.
* * * LOW HITPOINT WARNING * * *
The jackal bites you.
You die...

###########.##..####
##### #......##.## #...
#....#### #.#.####.....#
..$ #.#...##..##...(...
#.###....## #.....
#...†....## ##.....
###..###...##.......
####...####.@h...#....
#...........#hJ...##
#...^##.#######b.#..####
..### #.# ##†......# .
#.# #.......# #.#
#.......# #.# ##......#
... ......# #. ....$..


You could see an endoplasm, 2 jackals and a bat.

Vanquished Creatures
  2 ball pythons (D:1)
  An endoplasm (D:1)
  A jackal (D:1)
  A frilled lizard (D:1)
5 creatures vanquished.

Notes
Turn   | Place    | Note
-------+----------+-------------------------------------------
     0 | D:1      | SensoryNuts the Octopode Fighter began the quest for the
                  | Orb.
     0 | D:1      | Reached XP level 1. HP: 16/16 MP: 1/1
   180 | D:1      | Slain by a jackal

Illustrated notes

Levels and vault maps discovered:
D:1:      amcnicky_arrival_double_pillar, layout_rooms

Action                   || total
-------------------------++-------
Melee: Long sword        ||    10
       Constrict         ||     3
       Tentacles         ||     2
Armor: Skin              ||     1
Dodge: Dodged            ||    18
Block: Buckler           ||     7
